 Dungeon Crawl Stone Soup version 0.19-a0-1851-g3228ea0 (webtiles) character file.

9549 Charly the Grappler (level 11, -4/107 HPs)
             Began as a Troll Monk on Oct 10, 2016.
             Was a High Priest of Cheibriados.
             Killed from afar by an ice dragon (44 damage)
             ... with a blast of cold
             ... in an ice cave.
             The game lasted 00:46:10 (2380 turns).

Charly the Grappler (Troll Monk)                    Turns: 2380, Time: 00:46:11

Health: -4/107     AC:  7    Str: 32    XL:     11   Next: 24%
Magic:  13/13      EV: 15    Int: 20    God:    Cheibriados [*****.]
Gold:   490        SH:  4    Dex: 23    Spells: 2 memorised, 6 levels left

rFire  . . .     SeeInvis .       - Unarmed
rCold  . . .     Gourm    +     r - +2 robe {MR+}
rNeg   . . .     Faith    .     (no shield)
rPois  .         Spirit   .     (helmet restricted)
rElec  .         Dismiss  .     (no cloak)
rCorr  .         Reflect  +     (gloves unavailable)
MR     +....     Harm     .     (boots unavailable)
Stlth  ++........               i - +4 amulet of reflection
                                (no ring)
                                (no ring)

@: very slightly contaminated, very slow
A: unfitting armour, claws 3, fast metabolism 3, gourmand, regeneration 1,
shaggy fur 1, tough skin 2
a: Bend Time, Temporal Distortion, Slouch, Step From Time, Renounce Religion


You were in an ice cave.
You worshipped Cheibriados.
Cheibriados was extremely pleased with you.
You were full.

You visited 2 branches of the dungeon, and saw 14 of its levels.
You also visited: Ice Cave.

You collected 490 gold pieces.

Inventory:

Missiles
 h - 4 poisoned tomahawks (quivered)
Armour
 r - a +2 robe of magic resistance (worn)
Magical Staves
 n - an uncursed staff of power
Jewellery
 f - an uncursed ring of fire
 i - a +4 amulet of reflection (around neck)
Wands
 l - a wand of digging (5/24)
Scrolls
 d - a scroll of fear
 t - 2 scrolls of teleportation
 v - a scroll of immolation {unknown}
Potions
 e - 2 potions of curing
 g - a potion of ambrosia
 m - a potion of cure mutation
 q - a potion of heal wounds
Books
 s - a book of Necromancy

   Spells                             Type                      Level
   a - Pain                           Necromancy                   1
   b - Animate Skeleton               Necromancy                   1
   c - Vampiric Draining              Necromancy                   3
   d - Regeneration                   Charms/Necromancy            3
   e - Animate Dead                   Necromancy                   4
   f - Control Undead                 Necromancy                   4
Comestibles
 b - 3 bread rations
 p - 3 meat rations
 w - 2 fruits


   Skills:
 + Level 6.5 Fighting
 + Level 6.5 Dodging
 - Level 1.0 Stealth
 * Level 13.2 Unarmed Combat
 - Level 5.0 Invocations


You had 6 spell levels left.
You knew the following spells:

 Your Spells              Type           Power        Failure   Level  Hunger
a - Animate Skeleton      Necr           N/A          21%         1    ##.....
r - Regeneration          Chrm/Necr      #.........   61%         3    ####...


Dungeon Overview and Level Annotations

Branches:
Dungeon (13/15)               Orc (1/2) D:11
 Temple: D:4-7         Lair: D:8-11      Vaults: D:13-14

Altars:
Cheibriados
Trog

Portals:
Trove: D:10 (give 2 scrolls of acquirement)

Annotations:
D:11 Gastronok IceCv exclusion: ice statue


Innate Abilities, Weirdness & Mutations

You are too large for most types of armour.
You have claws for hands.
Your metabolism is lightning-fast.
You like to eat raw meat.
Your natural rate of healing is unusually fast.
You are covered in fur. (AC +1)
You have very tough skin. (AC +2)


Message History

Ouch! That really hurt!
* * * LOW HITPOINT WARNING * * *
Unknown command.
You closely miss the ice dragon.
The ice dragon is lightly wounded.
The ice dragon bites you!
* * * LOW HITPOINT WARNING * * *
The ice dragon claws you but does no damage.
The ice dragon tramples you!
* * * LOW HITPOINT WARNING * * *
You stumble backwards!
Unknown command.
You closely miss the ice dragon.
The ice dragon is lightly wounded.
You claw the ice dragon!
You claw the ice dragon, but do no damage.
The ice dragon is moderately wounded.
The ice dragon breathes frost at you. The blast of cold hits you!
You die...

##D≈≈≈≈≈≈≈≈≈≈
##≈≈≈≈≈≈≈≈≈≈≈≈
#≈≈≈≈≈≈≈≈≈≈#
##≈≈#.## #≈≈≈...###
##≈.#....##
##.##.##..#
#.#####D.##
#.#.###@.## #.#
#.#..## #.# #..###
## ## ##...######
######.
##.#.#...####†.##..
##....#..#..#....#
##.####...####.##
##...## ### #....#


You could see an ice dragon.

Vanquished Creatures
  An ice dragon (IceCv)
  A centaur warrior (D:13)
  2 hill giants (D:10)
  A cyclops (D:11)
  A gargoyle (D:11)
  An ice statue (IceCv)
  4 rime drakes
  A guardian mummy (D:10)
  A two-headed ogre (D:11)
  A hippogriff (D:10)
  A shadow (D:11)
  2 wyverns
  4 hungry ghosts
  2 wargs (D:11)
  7 orc warriors
  12 ice beasts
  A black bear (D:8)
  2 phantoms (D:8)
  A centaur (D:11)
  A crocodile (D:8)
  4 bullfrogs
  2 scorpions
  2 killer bees (D:7)
  3 crimson imps
  A bullfrog zombie (D:10)
  A centaur zombie (D:10)
  4 hounds
  A jelly (D:11)
  3 orc priests
  13 orc wizards
  A worker ant (D:8)
  6 adders
  A shadow imp (D:6)
  A leopard gecko (D:7)
  23 orcs
  5 giant cockroaches
  A hobgoblin (D:1)
  2 jackals (D:1)
  2 quokkas
  2 bats (D:1)
  A frilled lizard (D:1)
  3 goblins
  A rat (D:1)
130 creatures vanquished.

Vanquished Creatures (collateral kills)
  A bullfrog skeleton (D:11)
  An orc (D:11)
2 creatures vanquished.

Grand Total: 132 creatures vanquished

Notes
Turn   | Place    | Note
-------+----------+-------------------------------------------
     0 | D:1      | Charly the Troll Monk began the quest for the Orb.
     0 | D:1      | Reached XP level 1. HP: 22/22 MP: 0/0
    52 | D:1      | Reached XP level 2. HP: 29/29 MP: 1/1
   247 | D:4      | Reached skill level 4 in Unarmed Combat
   247 | D:4      | Reached XP level 3. HP: 19/36 MP: 2/2
   289 | D:4      | Reached skill level 5 in Unarmed Combat
   289 | D:4      | Reached XP level 4. HP: 44/44 MP: 3/3
   397 | D:4      | Reached XP level 5. HP: 50/50 MP: 4/4
   539 | D:4      | Reached skill level 6 in Unarmed Combat
   580 | D:5      | Entered Level 5 of the Dungeon
   622 | D:6      | Reached XP level 6. HP: 53/59 MP: 5/5
   732 | D:7      | Reached skill level 7 in Unarmed Combat
   815 | D:7      | Reached skill level 8 in Unarmed Combat
   815 | D:7      | Reached XP level 7. HP: 61/66 MP: 6/6
   910 | D:6      | Found a snail-covered altar of Cheibriados.
   918 | D:6      | Became a worshipper of Cheibriados the Contemplative
   918 | D:6      | Reached * piety under Cheibriados
   918 | D:6      | Reached ** piety under Cheibriados
  1027 | D:8      | Found a bloodstained altar of Trog.
  1313 | D:8      | Reached skill level 9 in Unarmed Combat
  1313 | D:8      | Reached XP level 8. HP: 65/75 MP: 7/7
  1443 | D:10     | Entered Level 10 of the Dungeon
  1520 | D:10     | Reached *** piety under Cheibriados
  1543 | D:9      | Reached skill level 10 in Unarmed Combat
  1636 | D:10     | Found a portal to a secret trove of treasure.
  1636 | D:10     | Noticed a guardian mummy
  1647 | D:10     | Killed a guardian mummy
  1647 | D:10     | Reached XP level 9. HP: 85/85 MP: 8/8
  1691 | D:10     | Noticed a hill giant
  1700 | D:10     | Killed a hill giant
  1700 | D:10     | Reached skill level 5 in Dodging
  1700 | D:10     | Reached skill level 11 in Unarmed Combat
  1710 | D:10     | Learned a level 3 spell: Regeneration
  1712 | D:10     | Learned a level 1 spell: Animate Skeleton
  1724 | D:10     | Noticed a hill giant
  1732 | D:10     | Killed a hill giant
  1732 | D:10     | Reached skill level 5 in Fighting
  1771 | D:11     | Noticed Gastronok
  1831 | D:13     | Noticed a centaur warrior
  1838 | D:13     | Killed a centaur warrior
  1838 | D:13     | Reached XP level 10. HP: 80/98 MP: 9/9
  1885 | D:11     | Noticed a gargoyle
  1897 | D:11     | Killed a gargoyle
  1897 | D:11     | Reached skill level 12 in Unarmed Combat
  1927 | D:11     | Reached **** piety under Cheibriados
  1956 | D:11     | Found a staircase to the Orcish Mines.
  1966 | D:11     | Reached skill level 1 in Invocations
  1973 | D:11     | Noticed a cyclops
  1987 | D:11     | Killed a cyclops
  2018 | Orc:1    | Entered Level 1 of the Orcish Mines
  2072 | Orc:1    | Found a frozen archway.
  2129 | IceCv    | Entered an ice cave
  2167 | IceCv    | Reached ***** piety under Cheibriados
  2174 | IceCv    | Reached skill level 5 in Invocations
  2174 | IceCv    | Reached XP level 11. HP: 89/105 MP: 13/13
  2250 | IceCv    | Reached skill level 13 in Unarmed Combat
  2330 | IceCv    | Noticed an ice dragon
  2336 | IceCv    | Noticed an ice dragon
  2360 | IceCv    | Killed an ice dragon
  2380 | IceCv    | Killed from afar by an ice dragon

Vault maps used:
D:1:      dpeg_chamrin_arrival_tetris, minmay_split_cup_small
D:2:      old_standard_altar, nicolae_gozag_zags_fifth_avenue, uniq_robin
D:3:      kennysheep_the_goblin_king, first_bread
D:4:      kennysheep_generic_room_8
D:5:      okawaru_ov_weapons_minmay
D:6:      minmay_liquid_box, cheibriados_altar_1
D:8:      kennysheep_little_box, grunt_temple_overflow_open
D:9:      hangedman_screamer, dancing_weapons_uskayaw, lair_0_dummy
D:10:     nicolae_trove_entry_path_of_doom, grunt_tengu_nest
D:11:     erik_orc_4, uniq_gastronok
D:12:     uniq_sonja
D:13:     wad_woods_structure_01, david_vaults_5
Orc:1:    portal_ice_cave_rime, mines3_lemuel
IceCv:    ice_cave_small_dragons

Skill      XL: |  1  2  3  4  5  6  7  8  9 10 11 |
---------------+----------------------------------+-----
Unarmed Combat | 4 5 6 8 9 10 11 12 13 | 13.2
Dodging        | 3 4 5 6 |  6.5
Fighting       | 3 4 5 6 |  6.5
Invocations    | 5 |  5.0
Stealth        | |  1.0

Action                   |  1- 3 |  4- 6 |  7- 9 | 10-12 || total
-------------------------+-------+-------+-------+-------++-------
Melee: Unarmed           |    43 |    57 |   170 |   155 ||   425
       Punch             |       |       |     8 |    12 ||    20
Throw: Tomahawk          |       |       |     9 |     1 ||    10
       Large rock        |       |       |       |     4 ||     4
 Cast: Animate Skeleton  |       |       |       |     2 ||     2
Evoke: Wand              |       |     2 |    12 |    22 ||    36
  Use: Scroll            |       |     2 |    11 |     3 ||    16
       Potion            |       |       |       |     2 ||     2
 Stab: Sleeping          |     3 |     1 |     3 |     1 ||     8
       Confused          |       |       |       |     1 ||     1
       Invisible         |       |       |       |     1 ||     1
  Eat: Chunk             |       |     4 |     5 |     5 ||    14
       Meat ration       |       |     1 |     1 |       ||     2
       Beef jerky        |       |       |     1 |       ||     1
Armor: Robe              |     8 |    15 |    37 |    24 ||    84
Dodge: Dodged            |    20 |    17 |    70 |    79 ||   186
Block: Other             |       |       |     9 |    20 ||    29
